 Dungeon Crawl Stone Soup version 0.23.2-30-g0e89c35649 (webtiles) character file.

Game seed: 1869740096853898798

583 Mrkan the Cudgeler (level 7, -5/44 HPs)
             Began as a Gargoyle Fighter on June 23, 2019.
             Was a Believer of Nemelex Xobeh.
             Killed by divine providence
             ... invoked by an orc priest
              (12 damage)
             ... on level 5 of the Dungeon.
             The game lasted 00:06:43 (3239 turns).

Mrkan the Cudgeler (Gargoyle Fighter)               Turns: 3239, Time: 00:06:44

Health: -5/44      AC: 13    Str: 20    XL:     7   Next: 37%
Magic:  9/9        EV:  5    Int:  8    God:    Nemelex Xobeh [**....]
Gold:   211        SH: 10    Dex: 11    Spells: 6/6 levels left

rFire    . . .     SeeInvis .   a - +0 flail
rCold    . . .     Gourm    .   c - +0 shield
rNeg     + . .     Faith    .   i - +0 chain mail
rPois    ∞         Spirit   .   (no helmet)
rElec    +         Reflect  .   (no cloak)
rCorr    .         Harm     .   (no gloves)
MR       .....                  (no boots)
Stlth    ..........             (no amulet)
HPRegen  0.14/turn              e - ring of wizardry
MPRegen  0.11/turn              (no ring)

@: no status effects
A: negative energy resistance 1, electricity resistance, unbreathing,
petrification resistance, rot immunity, AC +4
a: Draw Escape, Draw Destruction, Draw Summoning, Renounce Religion


You were on level 5 of the Dungeon.
You worshipped Nemelex Xobeh.
Nemelex Xobeh was pleased with you.
You were not hungry.

You visited 1 branch of the dungeon, and saw 5 of its levels.

You collected 211 gold pieces.

Inventory:

Hand Weapons
 a - a +0 flail (weapon)
 j - a +2 scythe of freezing
 y - a +0 glaive
Armour
 c - a +0 shield (worn)
 i - a +0 chain mail (worn)
 o - a +1 cloak of poison resistance
Jewellery
 e - a ring of wizardry (left hand)
 q - an uncursed amulet of guardian spirit {unknown}
 s - an uncursed ring of positive energy
 w - an uncursed amulet of harm {unknown}
Scrolls
 g - 3 scrolls of fear {unknown}
 h - 6 scrolls of identify {unknown}
 m - a scroll of blinking {unknown}
 n - a scroll of enchant weapon {unknown}
 p - a scroll of amnesia {unknown}
 r - a scroll of random uselessness {unknown}
 t - 3 scrolls of teleportation {unknown}
Potions
 b - 4 potions of curing {unknown}
 d - 3 potions of might
 k - a potion of agility
 l - 2 potions of brilliance {unknown}
 u - a potion of mutation {unknown}
 v - a potion of haste
Comestibles
 f - 11 rations


   Skills:
 + Level 5.0 Fighting
 * Level 5.3 Maces & Flails
 - Level 3.2 Armour
 + Level 5.0 Shields
 + Level 3.0 Invocations


You had 6 spell levels left.
You didn't know any spells.
Your spell library contained the following spells:

 Spells                   Type           Power        Failure   Level  Hunger
 Summon Small Mammal      Summ           #...         99%         1    ##.....
 Call Imp                 Summ           #.......     100%        2    ###....
 Call Canine Familiar     Summ           #.......     100%        3    ####...
 Summon Guardian Golem    Hex/Summ       #.......     100%        3    ####...
 Summon Ice Beast         Ice/Summ       #.......     100%        4    #####..
 Summon Lightning Spire   Summ/Air       #.......     100%        4    #####..


Dungeon Overview and Level Annotations

Branches:
Dungeon (5/15)             Temple (0/1) D:4

Altars:
Cheibriados
Dithmenos
Elyvilon
Nemelex Xobeh
Trog
Uskayaw
Yredelemnul
The Shining One


Innate Abilities, Weirdness & Mutations

You are resistant to torment.
Your stone body is resilient. (AC +4)
You are immune to poison.
You resist negative energy. (rN+)
You are resistant to electric shocks. (rElec)
You can survive without breathing.
You are immune to petrification.
You are immune to rotting.


Message History

The orc is heavily wounded.
The orc hits you but does no damage.
You sock the orc!
You kill the orc!
Okay, then.
You draw a card...
You have drawn Pain.
Press: ? - help, Shift-Dir - straight line, f - orc priest
Aim: an orc priest, wielding a +0 dagger The orc priest convulses!
The orc priest closely misses you.
You closely miss the orc priest.
The orc priest is heavily wounded.
You block the orc priest's attack.
The orc priest looks satisfied for a moment.
You closely miss the orc priest.
The orc priest is moderately wounded.
The orc priest invokes the aid of Beogh against you.
Beogh smites you!
You die...
Your body glows slightly and disappears.

#......#.#.#
#....#....#
#..#...#.#
#..#....##
#........#
####....#.#
##o#.# .#
#o#.# #
#@#.# #...#
##..# #..#
#..# #..#
#..# #..#
#..#


You could see 2 orc priests.

Vanquished Creatures
  A centaur (D:2)
  A killer bee (D:5)
  A howler monkey (D:5)
  Crazy Yiuf (D:2)
  2 hounds (D:3)
  A centaur skeleton (D:4)
  3 orc wizards
  2 worker ants (D:4)
  2 hound skeletons
  6 adders
  An ooze (D:3)
  An adder zombie (D:5)
  A worm (D:2)
  A dart slug (D:1)
  A leopard gecko (D:2)
  5 orcs
  3 ball pythons
  7 bats
  3 giant cockroaches
  6 goblins
  11 hobgoblins
  2 jackals (D:4)
  6 kobolds
  2 quokkas
  3 frilled lizards
  A leopard gecko skeleton (D:4)
  10 rats
84 creatures vanquished.

Vanquished Creatures (others)
  A quokka (D:5)
1 creature vanquished.

Grand Total: 85 creatures vanquished

Notes
Turn   | Place    | Note
-------+----------+-------------------------------------------
     0 | D:1      | Mrkan the Gargoyle Fighter began the quest for the Orb.
     0 | D:1      | Reached XP level 1. HP: 14/14 MP: 1/1
    28 | D:1      | Reached XP level 2. HP: 16/19 MP: 2/2
   657 | D:2      | Reached XP level 3. HP: 20/23 MP: 3/3
   658 | D:2      | Found a hide-covered altar of Uskayaw.
   775 | D:2      | Found a shadowy altar of Dithmenos.
   848 | D:2      | Found a basalt altar of Yredelemnul.
   885 | D:2      | Found a sparkling altar of Nemelex Xobeh.
   902 | D:2      | Became a worshipper of Nemelex Xobeh the Trickster
  1052 | D:2      | Received a gift from Nemelex Xobeh
  1053 | D:2      | Found a glowing golden altar of the Shining One.
  1126 | D:2      | Noticed Sigmund
  1128 | D:2      | Noticed Sigmund
  1128 | D:2      | Sigmund changed into Sigmund the centaur
  1135 | D:2      | Killed Sigmund the centaur
  1135 | D:2      | Reached skill level 1 in Invocations
  1135 | D:2      | Reached XP level 4. HP: 21/29 MP: 3/5
  1135 | D:2      | Reached XP level 5. HP: 24/33 MP: 3/6
  1360 | D:2      | Found a white marble altar of Elyvilon.
  1411 | D:2      | Found a runed translucent door.
  1412 | D:2      | Noticed Crazy Yiuf
  1666 | D:2      | Killed Crazy Yiuf
  1873 | D:3      | Found a bloodstained altar of Trog.
  1909 | D:3      | Reached XP level 6. HP: 28/39 MP: 7/7
  2024 | D:3      | Reached * piety under Nemelex Xobeh
  2200 | D:3      | Found a snail-covered altar of Cheibriados.
  2261 | D:3      | Received a gift from Nemelex Xobeh
  2632 | D:4      | Reached XP level 7. HP: 41/44 MP: 7/9
  2737 | D:4      | Reached ** piety under Nemelex Xobeh
  2737 | D:4      | Received a gift from Nemelex Xobeh
  2737 | D:4      | Found a staircase to the Ecumenical Temple.
  2949 | D:5      | Entered Level 5 of the Dungeon
  2968 | D:5      | Noticed a steam dragon
  2968 | D:5      | a gnoll shaman changed into a steam dragon
  2978 | D:5      | a steam dragon changed into a howler monkey
  2982 | D:5      | Reached skill level 5 in Maces & Flails
  2994 | D:5      | Reached skill level 5 in Fighting
  3234 | D:5      | Reached skill level 5 in Shields
  3239 | D:5      | Killed from afar by an orc priest

Skill      XL: |  1  2  3  4  5  6  7 |
---------------+----------------------+-----
Maces & Flails | 3 4 5 |  5.3
Fighting       | 4 5 |  5.0
Shields        | 4 5 |  5.0
Invocations    | 1 2 3 |  3.0
Armour         | |  3.2

Action                   |  1- 3 |  4- 6 |  7- 9 || total
-------------------------+-------+-------+-------++-------
Melee: Flail             |   144 |   210 |    60 ||   414
 Abil: Draw Destruction  |     1 |       |     4 ||     5
  Eat: Chunk             |     1 |     5 |     2 ||     8
Armor: Scale mail        |    35 |       |       ||    35
       Chain mail        |    88 |   130 |    56 ||   274
Dodge: Dodged            |    55 |    47 |    12 ||   114
Block: Shield            |   102 |   109 |    27 ||   238
